 Dungeon Crawl Stone Soup version 0.28.0-53-g5a82cb258f (webtiles) character file.

Game seed: 16381826595885481793

33218 Gabide the Polluter (level 14, -1/157 HPs)
             Began as a Formicid Venom Mage on June 13, 2022.
             Was an Elder of Sif Muna.
             Slain by a six-headed hydra (6 damage)
             ... on level 5 of the Lair of Beasts.
             The game lasted 00:31:15 (17503 turns).

Gabide the Polluter (Formicid Venom Mage)          Turns: 17503, Time: 00:31:16

Health: -1/157     AC: 27    Str: 13    XL:     14   Next: 6%
Magic:  27/29      EV:  2    Int: 20    God:    Sif Muna [****..]
Gold:   912        SH:  0    Dex: 11    Spells: 24/36 levels left

rFire   . . .      SeeInvis .   g - +9 quarterstaff "Henash" {venom, rElec rPois rC- rCorr}
rCold   + + .      Faith    .   (no shield)
rNeg    . . .      Spirit   .   (armour currently unavailable)
rPois   +          Reflect  .   (helmet unavailable)
rElec   +          Harm     .   (cloak currently unavailable)
rCorr   +          Rampage  .   (gloves currently unavailable)
Will    ++...                   (boots currently unavailable)
Stlth   +++.......              J - amulet of magic regeneration
HPRegen 0.36/turn               a - ring of willpower
MPRegen 0.61/turn               z - ring of Muttuf {rElec rPois rC+++ Stlth+}

@: mighty, tree-form
A: stationary, stasis, torment immunity, boosted hp, permanent stasis, dig
shafts and tunnels, (antennae 3), four strong arms
a: Renounce Religion, Channel Magic, Forget Spell, Divine Exegesis


You were on level 5 of the Lair of Beasts.
You worshipped Sif Muna.
Sif Muna was greatly pleased with you.
You were a tree.
You visited 3 branches of the dungeon, and saw 15 of its levels.
You also visited: Ossuary.

You collected 912 gold pieces.

Inventory:

Hand Weapons
 g - the +9 quarterstaff "Henash" (weapon) {venom, rElec rPois rC- rCorr}
   (You found it on level 2 of the Dungeon)

   It poisons the flesh of those it strikes.
   rC:        It makes you vulnerable to cold.
   rElec:     It insulates you from electricity.
   rPois:     It protects you from poison.
   rCorr:     It protects you from acid and corrosion.
 r - the +8 woodcutter's axe {vorpal}
   (You found it on level 5 of the Dungeon)

   It inflicts extra damage upon your enemies.
Missiles
 x - a throwing net
Armour
 i - a +2 pair of gloves (melded)
 C - a +2 cloak (melded)
 I - a +1 troll leather armour (melded)
Jewellery
 a - a ring of willpower (left branch)
 j - a +4 ring of protection
 z - the ring of Muttuf (right branch) {rElec rPois rC+++ Stlth+}
   (You found it on level 6 of the Dungeon)

   [ring of poison resistance]

   rC:        It renders you almost immune to cold.
   rElec:     It insulates you from electricity.
   rPois:     It protects you from poison.
   Stlth:     It makes you more stealthy.
 F - an amulet of reflection
 J - an amulet of magic regeneration (around neck)
 P - a ring of wizardry
Wands
 d - a wand of acid (10)
 e - a wand of polymorph (5)
 G - a wand of digging (4)
 M - a wand of iceblast (2)
 N - a wand of paralysis (5)
 O - a wand of flame (19)
Scrolls
 m - 4 scrolls of enchant weapon
 n - 3 scrolls of silence
 p - a scroll of fear {unknown}
 q - a scroll of brand weapon {unknown}
 v - a scroll of magic mapping
 w - a scroll of torment {unknown}
 y - 2 scrolls of immolation
 D - a scroll of fog
 H - a scroll of noise {unknown}
 K - a scroll of amnesia {unknown}
Potions
 b - 3 potions of curing
 f - a potion of degeneration {unknown}
 h - 4 potions of might
 k - 2 potions of resistance
 l - 3 potions of attraction {unknown}
 o - a potion of mutation {unknown}
 s - 4 potions of flight
 t - a potion of magic {unknown}
 u - a potion of haste
 A - a potion of ambrosia {unknown}
 B - a potion of brilliance {unknown}
 E - 2 potions of lignification
Miscellaneous
 L - a phial of floods


   Skills:
 - Level 8.0 Fighting
 - Level 14.0 Staves
 - Level 4.0 Armour
 - Level 8.0 Dodging
 - Level 3.0 Stealth
 + Level 11.8 Spellcasting
 - Level 6.0 Transmutations
 - Level 15.0 Poison Magic


You had 24 spell levels left.
You knew the following spells:

 Your Spells              Type           Power      Damage    Failure   Level
a - Sting                 Tmut/Pois      100%       1d8       1%          1
b - Poisonous Vapours     Pois/Air       82%        N/A       1%          2
c - Olgreb's Toxic Radia  Pois           64%        N/A       1%          4
d - Passwall              Tmut/Erth      19%        N/A       2%          2
e - Mephitic Cloud        Conj/Pois/Air  31%        N/A       2%          3

Your spell library contained the following spells:

 Spells                   Type           Power      Damage    Failure   Level
 Foxfire                  Conj/Fire      44%        2x1d6     6%          1
 Slow                     Hex            44%        N/A       6%          1
 Corpse Rot               Necr/Air       22%        N/A       9%          2
 Ensorcelled Hibernation  Hex/Ice        22%        N/A       9%          2
 Scorch                   Fire           22%        2d6       9%          2
 Blade Hands              Tmut           18%        N/A       13%         5
 Call Canine Familiar     Summ           11%        N/A       17%         3
 Confusing Touch          Hex            11%        N/A       17%         3
 Conjure Flame            Conj/Fire      11%        6-21      17%         3
 Inner Flame              Hex/Fire       11%        N/A       17%         3
 Portal Projectile        Hex/Tloc       22%        N/A       17%         3
 Vampiric Draining        Necr           11%        2d6       17%         3
 Irradiate                Conj/Tmut      11%        3d17      43%         5
 Dispel Undead            Necr           11%        3d9       50%         4
 Flame Wave               Conj/Fire      11%        2d5       50%         4
 Leda's Liquefaction      Hex/Erth       5%         N/A       50%         4
 Fireball                 Conj/Fire      5%         3d5       85%         5
 Iskenderun's Battlesphe  Conj           11%        2d7       85%         5
 Dragon Form              Tmut           18%        N/A       99%         7
 Conjure Ball Lightning   Conj/Air       5%         3x3d6     100%        6
 Death Channel            Necr           5%         N/A       100%        6
 Summon Cactus Giant      Summ           5%         N/A       100%        6
 Orb of Destruction       Conj           5%         9d5       100%        7
 Discord                  Hex            5%         N/A       100%        8
 Disjunction              Tloc           5%         N/A       100%        8
 Chain Lightning          Conj/Air       5%         3d7       100%        9
 Fire Storm               Conj/Fire      5%         8d2       100%        9
 Shatter                  Erth           5%         3d8*      100%        9
 Swiftness                Air            Unusable   N/A       N/A         3

Dungeon Overview and Level Annotations

Branches:
Dungeon (9/15)             Temple (1/1) D:6            Lair (5/6) D:9
  Swamp (0/4) Lair:4       Spider (0/4) Lair:2        Slime (0/5) Lair:5
    Orc (0/2) D:9         Ossuary (visited)

Altars:
Ashenzari
Cheibriados
Dithmenos
Elyvilon
Fedhas
Gozag
Hepliaklqana
Kikubaaqudgha
Makhleb
Nemelex Xobeh
Okawaru
Qazlal
Ru
Sif Muna
Trog
Uskayaw
Vehumet
Wu Jian
Yredelemnul
Zin
The Shining One
Jiyva

Shops:
D:5 (

Annotations:
Lair:1 2 runed translucent doors, Leew's ghost, journeyman NaVM


Innate Abilities, Weirdness & Mutations

You are a tree.
Your roots penetrate the ground, keeping you stationary.
You cannot be teleported.
You are immune to unholy pain and torment.
Your maximum health is greatly increased.
Your equipment is partially melded.
You cannot be hasted, slowed, berserked, paralysed or teleported.
You can dig through walls and to a lower floor.
((You have a pair of large antennae on your head. (SInv)))
Your four strong arms can wield two-handed weapons with a shield.


Message History

You turn into a tree.
Your +2 cloak melds into your body.
Your +2 pair of gloves melds into your body.
Your +1 troll leather armour melds into your body.
Your roots penetrate the ground.
The six-headed hydra bites you but does no damage. x2
The six-headed hydra barely misses you. The six-headed hydra bites you!
* * * LOW HITPOINT WARNING * * *
The six-headed hydra bites you but does no damage.
The six-headed hydra bites you!
* * * LOW HITPOINT WARNING * * *
You feel much better.
The six-headed hydra bites you but does no damage.
The six-headed hydra bites you.
The six-headed hydra bites you but does no damage. x3
The six-headed hydra barely misses you.
You feel very mighty all of a sudden. The six-headed hydra bites you!
The six-headed hydra bites you but does no damage. x2
The six-headed hydra bites you.
* * * LOW HITPOINT WARNING * * *
The six-headed hydra bites you.
* * * LOW HITPOINT WARNING * * *
The six-headed hydra bites you!
* * * LOW HITPOINT WARNING * * *
You sock the six-headed hydra!
The six-headed hydra looks as sick as possible!
The six-headed hydra is moderately wounded.
The six-headed hydra bites you.
* * * LOW HITPOINT WARNING * * *
The six-headed hydra barely misses you.
The six-headed hydra bites you but does no damage.
The six-headed hydra bites you!
* * * LOW HITPOINT WARNING * * *
The six-headed hydra barely misses you. The six-headed hydra bites you!
* * * LOW HITPOINT WARNING * * *
It was a potion of haste.
Your stasis prevents you from being hasted.
The six-headed hydra bites you but does no damage. x3
The six-headed hydra bites you.
You die...

### ###### ### #########.#
#######.#..########..
(.#.#P.##.###.......P.#.P...#.#.#
.................................
.....############################
.....# ♣....YYD♣.♣♣ ♣♣.♣♣ ♣.♣ ♣
.....# ..♣♣♣♣l♣♣♣♣..♣#♣.♣.♣♣♣.♣♣♣
###.## ♣...≈...♣♣♣...♣♣♣.♣♣⌠♣♣† #
### ♣..♣♣♣♣{♣♣♣♣..♣#♣♣ ♣♣.♣.♣.♣
#..P ♣.........♣♣♣ ♣♣†..♣♣ .....
######.###### ##>## .....
♣...♣.l.♣...♣♣ ### .....#
♣...#...♣..♣# .....#
♣♣♣#†#♣♣♣♣♣.#


You could see 2 death yaks, a six-headed hydra (extremely poisoned) and a komodo
dragon.

Vanquished Creatures
  4 hydras
  A catoblepas (Lair:3)
  A boulder beetle (Lair:5)
  6 death yaks (Lair:5)
  2 bog bodies (Lair:4)
  6 elephants
  6 black mambas
  A torpor snail (Lair:3)
  6 cane toads
  2 rime drakes
  7 komodo dragons
  A troll (D:9)
  2 polar bears (Lair:5)
  A hornet (Lair:5)
  A dream sheep (Lair:5)
  24 blink frogs
  18 yaks
  Sigmund (D:2)
  2 wraiths
  6 wyverns
  2 basilisks
  A redback (Lair:2)
  A swamp worm (Lair:4)
  17 water moccasins
  2 orc warriors
  3 sky beasts
  An ice beast (D:5)
  3 black bears
  4 centaurs
  A phantom (D:6)
  10 wolves
  A kobold brigand (D:7)
  Blork the orc (D:4)
  A gnoll sergeant (D:5)
  A wyvern zombie (D:9)
  13 bullfrogs
  2 scorpions (D:5)
  A water moccasin skeleton (D:5)
  2 electric eels
  15 wights
  A jelly (D:5)
  A howler monkey (D:5)
  A lava snake (D:9)
  3 centaur zombies
  2 gnoll shamans (D:5)
  5 orc priests
  2 bullfrog skeletons (D:5)
  A centaur skeleton (D:4)
  4 hounds
  5 iguanas
  8 orc wizards
  A scorpion zombie (D:5)
  A mummy (Ossuary)
  16 gnolls
  14 adders
  A river rat (D:5)
  A white imp (D:6)
  An ufetubus (D:5)
  2 adder skeletons (D:4)
  6 worms
  A dart slug (D:1)
  18 orcs
  11 ball pythons
  5 endoplasms
  4 giant cockroaches
  4 goblins
  8 hobgoblins
  7 quokkas
  A bat (D:3)
  5 gnoll skeletons (Ossuary)
  16 kobolds
  10 kobold skeletons (Ossuary)
  10 orc skeletons (Ossuary)
  9 rats
365 creatures vanquished.

Vanquished Creatures (others)
  13 fungi
  14 plants
27 creatures vanquished.

Grand Total: 392 creatures vanquished

Notes
Turn   | Place    | Note
-------+----------+-------------------------------------------
     0 | D:1      | Gabide the Formicid Venom Mage began the quest for the Orb.
     0 | D:1      | Reached XP level 1. HP: 13/13 MP: 3/3
   462 | D:1      | Reached XP level 2. HP: 16/19 MP: 1/5
   986 | D:1      | Reached XP level 3. HP: 5/24 MP: 4/6
  1236 | D:1      | Learned a level 2 spell: Poisonous Vapours
  1646 | D:2      | Identified the +9 quarterstaff "Henash" {venom, rElec rPois
                  | rC- rCorr}
  1775 | D:2      | Reached XP level 4. HP: 27/30 MP: 2/7
  2168 | D:2      | Found a faded altar of an unknown god.
  2173 | D:2      | Noticed Sigmund
  2183 | D:2      | Killed Sigmund
  2184 | D:2      | Reached skill level 6 in Poison Magic
  2184 | D:2      | Reached XP level 5. HP: 10/35 MP: 4/9
  2184 | D:2      | Reached XP level 6. HP: 12/41 MP: 4/10
  3620 | D:4      | Reached XP level 7. HP: 40/46 MP: 6/12
  3698 | D:4      | Noticed Blork the orc
  3708 | D:4      | Killed Blork the orc
  3709 | D:4      | Reached skill level 7 in Poison Magic
  3918 | D:4      | Found a sand-covered staircase.
  3923 | Ossuary  | Entered an ossuary
  3923 | Ossuary  | Noticed a wraith
  3923 | Ossuary  | Noticed a wraith
  3923 | Ossuary  | Noticed a wraith
  4012 | Ossuary  | Noticed a wraith
  4069 | Ossuary  | Killed a wraith
  4070 | Ossuary  | Reached skill level 5 in Transmutations
  4774 | D:4      | Reached XP level 8. HP: 43/52 MP: 14/14
  5035 | D:4      | Learned a level 4 spell: Olgreb's Toxic Radiance
  5038 | D:4      | Learned a level 2 spell: Passwall
  5061 | D:5      | Entered Level 5 of the Dungeon
  5061 | D:5      | Found Laidgh's Antique Weapon Boutique.
  5081 | D:5      | Reached skill level 8 in Poison Magic
  5180 | D:5      | Found the +8 woodcutter's axe {vorpal}
  5190 | D:5      | Reached skill level 5 in Spellcasting
  5290 | D:5      | Reached skill level 1 in Fighting
  5946 | D:5      | Reached XP level 9. HP: 30/65 MP: 16/16
  6156 | D:5      | Learned a level 3 spell: Mephitic Cloud
  6628 | D:5      | Reached skill level 9 in Poison Magic
  7123 | D:6      | Identified the ring of Muttuf {rElec rPois rC+++ Stlth+}
  7191 | D:6      | Reached skill level 1 in Staves
  7380 | D:6      | Reached skill level 10 in Poison Magic
  7397 | D:6      | Reached skill level 5 in Staves
  7766 | D:6      | Found a staircase to the Ecumenical Temple.
  7996 | Temple   | Entered the Ecumenical Temple
  8132 | Temple   | Became a worshipper of Sif Muna the Loreminder
  8789 | D:7      | Reached XP level 10. HP: 71/71 MP: 2/17
  8983 | D:7      | Reached skill level 10 in Staves
  9730 | D:8      | Reached * piety under Sif Muna
 10692 | D:9      | Found a staircase to the Lair.
 10824 | D:9      | Found a hide-covered altar of Uskayaw.
 10828 | D:9      | Reached XP level 11. HP: 75/77 MP: 9/18
 10995 | D:9      | Found a staircase to the Orcish Mines.
 11314 | D:9      | Reached ** piety under Sif Muna
 11315 | D:9      | Reached skill level 5 in Fighting
 11828 | Lair:1   | Entered Level 1 of the Lair of Beasts
 11971 | Lair:1   | Found a large runed translucent door.
 11971 | Lair:1   | Found a large runed translucent door.
 11974 | Lair:1   | Noticed Leew's ghost (journeyman NaVM)
 12557 | Lair:2   | You fall into a shaft and drop 2 floors!
 12652 | Lair:4   | Reached skill level 5 in Dodging
 12668 | Lair:4   | Noticed an elephant
 12676 | Lair:4   | Noticed an elephant
 12879 | Lair:4   | Noticed a bog body
 12889 | Lair:4   | Killed a bog body
 12907 | Lair:4   | Found a staircase to the Swamp.
 12907 | Lair:4   | Noticed a bog body
 12919 | Lair:4   | Killed a bog body
 13050 | Lair:3   | Reached XP level 12. HP: 41/92 MP: 6/19
 13240 | Lair:3   | Reached skill level 1 in Armour
 13400 | Lair:2   | Reached *** piety under Sif Muna
 13475 | Lair:2   | Found a hole to the Spider Nest.
 14479 | Lair:3   | Noticed a catoblepas
 14500 | Lair:3   | Killed a catoblepas
 15169 | Lair:4   | Noticed a five-headed hydra
 15180 | Lair:4   | Killed a five-headed hydra
 15354 | Lair:4   | Noticed a five-headed hydra
 15363 | Lair:4   | Reached skill level 11 in Poison Magic
 15378 | Lair:4   | Killed a five-headed hydra
 15381 | Lair:4   | Reached skill level 12 in Poison Magic
 15389 | Lair:4   | Reached XP level 13. HP: 33/98 MP: 14/25
 16104 | Lair:5   | Reached skill level 13 in Poison Magic
 16109 | Lair:5   | Noticed a five-headed hydra
 16110 | Lair:5   | Reached skill level 14 in Poison Magic
 16222 | Lair:5   | Reached skill level 15 in Poison Magic
 16225 | Lair:5   | Reached **** piety under Sif Muna
 16275 | Lair:5   | Killed a five-headed hydra
 16316 | Lair:5   | Found a staircase to the Slime Pits.
 16316 | Lair:5   | Found a viscous altar of Jiyva.
 16556 | Lair:5   | Noticed a seven-headed hydra
 16611 | Lair:5   | Killed a seven-headed hydra
 16612 | Lair:5   | Reached skill level 10 in Spellcasting
 17134 | Lair:5   | Noticed a boulder beetle
 17156 | Lair:5   | Killed a boulder beetle
 17415 | Lair:5   | Reached XP level 14. HP: 102/105 MP: 29/29
 17502 | Lair:5   | HP: 5/157 [six-headed hydra (9)]
 17503 | Lair:5   | Slain by a six-headed hydra

Illustrated notes

Levels and vault maps discovered:
D:1:      nicolae_arrival_somewhat_less_tricky_arrival, layout_basic,
          hangedman_abyss_or_decor_lesser_grid
D:2:      layout_rooms, shapermc_ecumenical_altar_mp_highgroup,
          hangedman_decor_peaks_small, uniq_sigmund
D:3:      layout_basic, minmay_crystal_water
D:4:      layout_basic, enter_ossuary_2, uniq_blork_the_orc
D:5:      layout_basic, lightli_sewer_entry_pipes, serial_shops,
          nicolae_shop_hallway_stairs, pf_guarded_unrand_woodcutter
D:6:      layout_cave_pools, temple_doors_e
D:7:      layout_cave_pools, serial_column_ruins, column_ruins_columns_T,
          column_ruins_open_small, column_ruins_columns_straight,
          column_ruins_corridor_straight, column_ruins_grid_1,
          column_ruins_open_tiny, column_ruins_open_small
D:8:      layout_cave_pools
D:9:      layout_stronghold, nicolae_uskayaw_suspiria, erik_lair_island
Temple:   mainiacjoe_temple_cubbyholes
Lair:1:   layout_roguey, ebering_ghost_disaster_area
Lair:2:   layout_cave_pods, spider_nest_entry_rubble, lemuel_fruit_tree,
          grunt_megastairs_1
Lair:3:   layout_regular_city, serial_rivers, chequers_serial_rivers_micro_c,
          chequers_serial_rivers_micro_c, chequers_serial_rivers_small_b,
          chequers_serial_rivers_room_b, chequers_serial_rivers_small_3,
          chequers_serial_rivers_marsh
Lair:4:   layout_regular_city, nicolae_swamp_entry_splash_gauntlet
Lair:5:   nzn_winding_woodlands_huge [nzn_winding_woodlands_5x15_longhouse,
          nzn_winding_woodlands_5x15_parted,
          nzn_winding_woodlands_5x15_pathside_ponds,
          nzn_winding_woodlands_5x15_zeroes,
          nzn_winding_woodlands_5x15_river_crossing,
          nzn_winding_woodlands_5x15_lazy_stream,
          nzn_winding_woodlands_5x15_default,
          nzn_winding_woodlands_5x15_sawtooth, nzn_winding_woodlands_5x15_eye,
          nzn_winding_woodlands_5x15_twine,
          nzn_winding_woodlands_center_pierced_h,
          nzn_winding_woodlands_center_lodge,
          nzn_winding_woodlands_15x15_killbox], layout_long_grid, slime_altar_1

Skill      XL: |  1  2  3  4  5  6  7  8  9 10 11 12 13 |
---------------+----------------------------------------+-----
Dodging        | 2 3 4 7 8 |  8.0
Transmutations | 2 3 4 5 6 |  6.0
Stealth        | 3 |  3.0
Spellcasting   | 3 4 5 8 11 | 11.8
Poison Magic   | 6 7 8 10 12 15 | 15.0
Fighting       | 4 8 |  8.0
Staves         | 8 13 14 | 14.0
Armour         | 4 |  4.0

Action                   |  1- 3 |  4- 6 |  7- 9 | 10-12 | 13-15 || total
-------------------------+-------+-------+-------+-------+-------++-------
Melee: Unarmed           |     5 |       |    12 |       |       ||    17
       Quarterstaff      |       |    37 |   150 |   333 |   201 ||   721
       War axe           |       |       |    74 |       |       ||    74
       Punch             |       |       |       |     7 |     5 ||    12
 Cast: Sting             |    53 |    36 |       |     6 |     2 ||    97
       Poisonous Vapours |       |    18 |     2 |       |       ||    20
       Olgreb's Toxic Ra |       |       |    44 |    90 |    29 ||   163
Evoke: Wand              |       |       |       |       |     2 ||     2
  Use: Scroll            |       |       |     5 |     9 |     2 ||    16
       Potion            |       |       |     3 |     1 |     7 ||    11
 Stab: Sleeping          |       |       |     6 |     3 |     4 ||    13
Armor: Robe              |     2 |    10 |    89 |    27 |       ||   128
       Skin              |       |       |    22 |       |    40 ||    62
       Troll leather arm |       |       |       |    49 |    69 ||   118
Dodge: Dodged            |    13 |    34 |   164 |   186 |   124 ||   521
Block: Other             |       |       |       |     7 |       ||     7
       Reflection        |       |       |       |     2 |       ||     2
